 Dungeon Crawl Stone Soup version 0.27-a0-1071-ga85bd9520d (console) character file.

Game seed: 2739448255632590115

3623 nht the Geomancer (level 9, -2/57 HPs)
             Began as a Demonspawn Earth Elementalist on Apr 24, 2021.
             Was an Elder of Okawaru.
             Slain by a wyvern (13 damage)
             ... on level 8 of the Dungeon.
             The game lasted 00:18:26 (9899 turns).

nht the Geomancer (Demonspawn Earth Elementalist)   Turns: 9899, Time: 00:18:27

Health: -2/57      AC:  4    Str: 10    XL:     9   Next: 87%
Magic:  0/14       EV: 12    Int: 19    God:    Okawaru [****..]
Gold:   357        SH:  0    Dex: 13    Spells: 3/12 levels left

rFire    . . .     SeeInvis .   e - +9 staff of Olgreb {rPois∞}
rCold    . . .     Faith    .   (no shield)
rNeg     . . .     Spirit   +   w - +0 robe {Will+}
rPois    ∞         Reflect  .   (helmet restricted)
rElec    .         Harm     .   v - +0 cloak
rCorr    .         Rampage  .   (no gloves)
Will     +....                  l - +0 pair of boots
Stlth    ++........             f - amulet of magic regeneration
HPRegen  0.19/turn              y - ring of flight
MPRegen  0.53/turn              (no ring)

@: flying
A: antennae 1, magic shield, magic regeneration, magic link
a: Renounce Religion, Heroism


You were on level 8 of the Dungeon.
You worshipped Okawaru.
Okawaru was greatly pleased with you.
You visited 1 branch of the dungeon, and saw 8 of its levels.
You visited the Abyss 1 time.

You collected 357 gold pieces.

Inventory:

Hand Weapons
 e - the +9 staff of Olgreb (weapon) {rPois∞}
   (You acquired it on level 5 of the Dungeon)

   It may poison the flesh of those it strikes, and is more effective with a
   high Evocations skill.
   It enhances your poison magic.
   It grants immunity to poison.
   It can be evoked to poison those around you for a time.
 i - a +3 hand axe of electrocution
Missiles
 a - 2 curare-tipped darts
 m - 22 stones
Armour
 l - a +0 pair of boots (worn)
 v - a +0 cloak (worn)
 w - a +0 robe of willpower (worn)
Jewellery
 f - an amulet of magic regeneration (around neck)
 q - an amulet of faith
 y - a ring of flight (left hand)
Wands
 b - a wand of iceblast (4)
 p - a wand of acid (17)
 t - a wand of digging (5)
 u - a wand of charming (11)
 x - a wand of mindburst (3)
Scrolls
 c - a scroll of fear
 g - 2 scrolls of immolation
 j - 2 scrolls of teleportation
Potions
 d - a potion of might {unknown}
 h - a potion of haste
 k - 2 potions of berserk rage
 n - a potion of invisibility
 o - 2 potions of curing
 r - a potion of lignification
 s - 4 potions of heal wounds


   Skills:
 - Level 1.1 Axes
 + Level 6.6 Staves
 - Level 1.7 Dodging
 - Level 1.7 Stealth
 - Level 2.0 Spellcasting
 - Level 0.8 Transmutations
 - Level 9.0 Earth Magic
 - Level 7.0 Invocations
 - Level 5.2 Evocations


You had 3 spell levels left.
You knew the following spells:

 Your Spells              Type           Power      Damage    Failure   Level
a - Sandblast             Erth           72%        2d16      1%          1
b - Lee's Rapid Deconstr  Erth           18%        3d12*     12%         5
c - Stone Arrow           Conj/Erth      38%        3d9       8%          3

Your spell library contained the following spells:

 Spells                   Type           Power      Damage    Failure   Level
 Passwall                 Tmut/Erth      16%        N/A       3%          2
 Magic Dart               Conj           4%         1d3       17%         1
 Searing Ray              Conj           2%         3d3       26%         2
 Dazzling Flash           Conj/Hex       2%         N/A       45%         3
 Petrify                  Tmut/Erth      20%        N/A       22%         4
 Fulminant Prism          Conj/Hex       0%         3d6       86%         4
 Iskenderun's Mystic Bla  Conj/Tloc      1%         2d3       86%         4


Dungeon Overview and Level Annotations

Branches:
Dungeon (8/15)             Temple (0/1) D:5
   Lair: D:8-11

Altars:
Fedhas
Nemelex Xobeh
Okawaru
Qazlal
Trog
Vehumet
Wu Jian
Zin

Shops:
D:3 (


Innate Abilities, Weirdness & Mutations

You have a pair of small antennae on your head.
When hurt, damage is shared between your health and your magic reserves.
You regenerate magic rapidly.
When low on magic, you restore magic in place of health.


Message History

The basilisk bites you!
You begin to radiate toxic energy.
The basilisk gazes at you. You resist with almost no effort.
You barely miss the basilisk.
The basilisk is heavily wounded.
The basilisk looks even sicker.
The basilisk closely misses you.
You sock the basilisk!
The basilisk is severely wounded.
Your toxic aura wanes.
The basilisk bites you!
You thump the basilisk!
You kill the basilisk!
Okawaru accepts your kill.
A wyvern comes into view.
You begin to radiate toxic energy.
The wyvern is poisoned.
Your toxic aura wanes.
You begin to radiate toxic energy.
The wyvern looks even sicker. x2
Your toxic aura wanes.
You barely miss the wyvern.
The wyvern is moderately wounded.
The wyvern barely misses you.
You closely miss the wyvern.
The wyvern is moderately wounded.
The wyvern bites you!
You sock the wyvern!
The wyvern is severely wounded.
The wyvern barely misses you. The wyvern bites you.
You barely miss the wyvern.
The wyvern is severely wounded.
The wyvern barely misses you.
You completely miss the wyvern.
The wyvern is severely wounded.
The wyvern bites you!
* * * LOW HITPOINT WARNING * * *
Aiming: Corrosive Bolt
Press: ? - help, Shift-Dir - straight line, f/p - wyvern
Aim: a wyvern (severely wounded, very poisoned, 74% to hit)
The bolt of acid misses the wyvern.
The wyvern bites you!
You die...

(...██.█ █.████████
....██.█ █........█
+█████.██████████.█
.█ █.██.....█ █.█ .█
█.██.....█ █.█
.█████.██.....███.█
...........>..+.█.█
.█████.██.....█.█.█
.█ █.██.....'.@.█
... ..██.....█l███
...██████.....█.████
...█ ████.....†.█
...█ ██████.██.███


████ █.......█...█ █ █.████....█.█ █..<.$..█ █ ...S......█.█ You could see a
wyvern (very poisoned).

Vanquished Creatures
  Sigmund (D:5)
  A basilisk (D:8)
  2 steam dragons (D:7)
  Eustachio (D:5)
  An orc warrior (D:7)
  An ice beast (D:6)
  A black bear (D:6)
  A sky beast (D:6)
  7 ogres
  2 centaurs
  A necrophage (D:5)
  Blork the orc (D:5)
  4 scorpions
  A wyvern skeleton (D:6)
  A water moccasin zombie (D:6)
  A water moccasin skeleton (D:7)
  The ghost of senseless the Skirmisher, a weakling MiFi (D:3)
  3 wights (D:7)
  A howler monkey (D:8)
  A crimson imp (D:4)
  A centaur zombie (D:7)
  2 bullfrog zombies (D:6)
  A gnoll shaman (D:6)
  4 hounds
  2 jellies
  A centaur skeleton (D:4)
  Crazy Yiuf (D:5)
  2 bullfrog skeletons (D:5)
  Jessica (D:2)
  4 orc wizards
  5 iguanas (D:5)
  A hound zombie (D:5)
  2 hound skeletons (D:5)
  A howler monkey zombie (D:8)
  9 adders
  10 gnolls
  A shadow imp (D:2)
  A white imp (D:4)
  2 ufetubi
  A worm (D:3)
  An adder skeleton (D:4)
  2 dart slugs
  8 orcs
  5 ball pythons
  5 endoplasms
  3 giant cockroaches
  8 hobgoblins
  12 jackals
  A quokka (D:4)
  3 bats
  2 frilled lizards
  6 goblins
  9 kobolds
  3 rats
153 creatures vanquished.

Vanquished Creatures (others)
  3 bushes (D:8)
  8 fungi
  26 plants
37 creatures vanquished.

Grand Total: 190 creatures vanquished

Notes
Turn   | Place    | Note
-------+----------+-------------------------------------------
     0 | D:1      | nht the Demonspawn Earth Elementalist began the quest for
                  | the Orb.
     0 | D:1      | Reached XP level 1. HP: 13/13 MP: 3/3
    96 | D:1      | Reached skill level 3 in Earth Magic
   312 | D:1      | Gained mutation: You have a pair of small antennae on your
                  | head. [demonic ancestry]
   312 | D:1      | Reached XP level 2. HP: 19/19 MP: 1/5
   869 | D:1      | Reached XP level 3. HP: 24/24 MP: 3/6
  1188 | D:2      | Noticed an ogre
  1200 | D:2      | Reached skill level 4 in Earth Magic
  1391 | D:2      | Reached XP level 4. HP: 30/30 MP: 5/7
  1690 | D:2      | Found a faded altar of an unknown god.
  1845 | D:2      | Killed an ogre
  1846 | D:2      | Reached skill level 5 in Earth Magic
  1846 | D:2      | Gained mutation: You regenerate magic rapidly. [demonic
                  | ancestry]
  1846 | D:2      | Reached XP level 5. HP: 35/35 MP: 5/8
  1854 | D:2      | Noticed Jessica
  1869 | D:2      | Killed Jessica
  1917 | D:3      | Found Iluxaom's Weapon Shoppe.
  2028 | D:3      | Reached skill level 6 in Earth Magic
  2451 | D:3      | Found a radiant altar of Vehumet.
  2577 | D:3      | Found a runed translucent door.
  2577 | D:3      | Noticed senseless's ghost (weakling MiFi)
  2605 | D:3      | Killed senseless's ghost
  2606 | D:3      | Reached XP level 6. HP: 8/41 MP: 5/9
  3376 | D:4      | Reached skill level 7 in Earth Magic
  3415 | D:4      | Found an iron altar of Okawaru.
  3415 | D:4      | Found a bloodstained altar of Trog.
  3425 | D:4      | Became a worshipper of Warmaster Okawaru
  3621 | D:4      | Reached XP level 7. HP: 46/46 MP: 8/10
  3982 | D:5      | Entered Level 5 of the Dungeon
  4000 | D:5      | Learned a level 5 spell: Lee's Rapid Deconstruction
  4008 | D:5      | Noticed Sigmund
  4019 | D:5      | Killed Sigmund
  4020 | D:5      | Reached skill level 8 in Earth Magic
  4310 | D:5      | Noticed Blork the orc
  4318 | D:5      | Killed Blork the orc
  4318 | D:5      | Reached * piety under Okawaru
  4447 | D:5      | Reached skill level 1 in Invocations
  4447 | D:5      | Gained mutation: When hurt, damage is shared between your
                  | health and your magic reserves. [demonic ancestry]
  4447 | D:5      | Reached XP level 8. HP: 29/52 MP: 5/11
  4678 | D:5      | Reached skill level 9 in Earth Magic
  4767 | D:5      | Noticed Eustachio
  4782 | D:5      | Killed Eustachio
  4813 | D:5      | Reached skill level 5 in Invocations
  4870 | D:5      | Reached ** piety under Okawaru
  5114 | D:5      | Identified a scroll of acquirement
  5114 | D:5      | Acquired the +9 staff of Olgreb {rPois∞}
  5115 | D:5      | Found the +9 staff of Olgreb {rPois∞}
  5117 | D:5      | Reached skill level 1 in Axes
  5163 | D:5      | Reached skill level 1 in Evocations
  5345 | D:5      | Reached skill level 1 in Staves
  5694 | D:5      | Found a staircase to the Ecumenical Temple.
  5970 | D:5      | Learned a level 3 spell: Stone Arrow
  6169 | D:5      | Found a runed translucent door.
  6170 | D:5      | Noticed Crazy Yiuf
  6182 | D:5      | Killed Crazy Yiuf
  6415 | D:6      | Gained mutation: When low on magic, you restore magic in
                  | place of health. [demonic ancestry]
  6415 | D:6      | Reached XP level 9. HP: 16/57 MP: 5/14
  6860 | D:6      | Cast into level 2 of the Abyss (gnoll shaman)
  6861 | Abyss:2  | wtf
  6924 | D:6      | Escaped the Abyss
  7505 | D:6      | Reached *** piety under Okawaru
  7836 | D:7      | Reached skill level 5 in Evocations
  8531 | D:7      | Reached skill level 5 in Staves
  9057 | D:7      | Found a stormy altar of Qazlal.
  9149 | D:7      | Found a sparkling altar of Nemelex Xobeh.
  9149 | D:7      | Found a blossoming altar of Fedhas.
  9616 | D:8      | Found an ornate altar of the Wu Jian Council.
  9714 | D:8      | Reached **** piety under Okawaru
  9899 | D:8      | Slain by a wyvern

Illustrated notes

. ██ .. ..
... █ █.
.... █.█.
.....
█...██......
+...@.......
█...███.....
█... ...
█... . .....
......
.......
.......


Turn 6861 on Abyss:2: wtf

Levels and vault maps discovered:
D:1:      minmay_arrival_cross, layout_loops_ring
D:2:      layout_loops_ring, shapermc_ecumenical_altar_mp_urbaneastern,
          hangedman_decor_points, minivault_26, uniq_jessica
D:3:      layout_loops_corners, old_standard_altar, ebering_ghost_inner_flame,
          serial_shops, shop
D:4:      layout_basic, grunt_temple_overflow_bloody_war,
          hangedman_abyss_or_decor_stabs, minmay_misc_feat_cross,
          minmay_fire_ice_demons
D:5:      minmay_thinvault, layout_loops_ring, temple_hall,
          kennysheep_generic_room_11, uniq_crazy_yiuf_cottage,
          uniq_blork_the_orc, uniq_eustachio, uniq_sigmund
D:6:      layout_basic, chequers_mini_garden, chequers_serial_rivers_micro_a
D:7:      layout_layer_cave, kennysheep_mini_moat,
          gammafunk_temple_overflow_claw, hangedman_abyss_or_decor_passed
D:8:      layout_basic, nicolae_tso_swordbearing_angel,
          nicolae_wu_jian_wuxing_cycle, minmay_lair_entry_grove,
          gammafunk_ghost_necromancy

Skill      XL: |  1  2  3  4  5  6  7  8  9 |
---------------+----------------------------+-----
Earth Magic    | 3 4 5 6 7 8 9 |  9.0
Invocations    | 1 7 |  7.0
Axes           | 1 |  1.1
Evocations     | 2 5 |  5.2
Staves         | 2 6 |  6.6
Dodging        | |  1.7
Stealth        | |  1.7
Spellcasting   | |  2.0
Transmutations | |  0.8

Action                   |  1- 3 |  4- 6 |  7- 9 || total
-------------------------+-------+-------+-------++-------
Melee: Dagger            |    23 |       |       ||    23
       Staff             |       |       |   106 ||   106
       Hand axe          |       |       |    17 ||    17
 Cast: Sandblast         |    45 |    82 |    75 ||   202
       Stone Arrow       |       |       |     7 ||     7
Evoke: Wand              |       |       |    13 ||    13
       Staff of Olgreb   |       |       |    37 ||    37
  Use: Scroll            |     2 |     6 |     8 ||    16
       Potion            |       |     3 |       ||     3
Armor: Robe              |    12 |       |    34 ||    46
Dodge: Dodged            |    24 |    11 |   102 ||   137

Table legend: (Time is in decaauts)
 A = Elapsed time spent in this place.
 B = Non-inter-level travel time spent in this place.
 C = Inter-level travel time spent in this place.
 D = Time resting spent in this place.
 E = Time spent auto-exploring this place.
 F = Levels seen in this place.
 G = Mean time per level.
                   A        B        C        D        E       F      G
               +--------+--------+--------+--------+--------+-----+--------+
         Total |   9892 |   9451 |    441 |    229 |   8036 |   9 | 1099.1 |
       Dungeon |   9829 |   9388 |    441 |    229 |   8036 |   8 | 1228.6 |
         Abyss |     63 |     63 |      0 |      0 |      0 |   1 |   63.0 |
               +--------+--------+--------+--------+--------+-----+--------+

Top non-repeatable levels by time:
     D:5: 2413 daAuts
     D:7: 1912 daAuts
     D:3: 1353 daAuts
     D:6: 1205 daAuts
     D:1: 1183 daAuts
     D:2: 732 daAuts
     D:4: 694 daAuts
     D:8: 334 daAuts
 Abyss:2: 63 daAuts
